 Dungeon Crawl Stone Soup version 0.29.0-4-gdea44cf6ec (webtiles) character file.

Game seed: 1680643016345171130

43 qw the Chopper (level 3, 0/29 HPs)
             Began as a Barachi Chaos Knight on Sept 7, 2022.
             Slain by a gnoll
             ... wielding a +0 club
              (1 damage)
             ... on level 2 of the Dungeon.
             The game lasted 00:00:35 (1062 turns).

qw the Chopper (Barachi Chaos Knight)               Turns: 1062, Time: 00:00:35

Health: 0/29       AC:  5    Str: 12 (14) XL:     3   Next: 58%
Magic:  3/3        EV: 11    Int: 11      God:
Gold:   43         SH:  0    Dex: 14 (15) Spells: 2/2 levels left

rFire   . . .      SeeInvis .   Y - +0 hand axe (chaos)
rCold   . . .      Faith    .   (no shield)
rNeg    . . .      Spirit   .   b - +2 leather armour
rPois   .          Reflect  .   (no helmet)
rElec   .          Harm     .   (no cloak)
rCorr   +          Rampage  .   (no gloves)
Will    .....                   (no boots)
Stlth   +.........              (no amulet)
HPRegen 0.09/turn               o - ring of resist corrosion
MPRegen 0.08/turn               (no ring)

@: slow
A: amphibious, slowness 1, strong legs 1, +LOS, agile 1, mutation resistance 1
a: Hop


You were on level 2 of the Dungeon.
You visited 1 branch of the dungeon, and saw 2 of its levels.

You collected 43 gold pieces.


Innate Abilities, Weirdness & Mutations

You are amphibious.
You cover ground slowly.
You can hop short distances.
You have an extended range of vision and can be seen from far away.
You are agile. (Dex +4, Str/Int -1)
You are somewhat resistant to further mutation.


   Skills:
 - Level 3.6 Fighting
 + Level 4.9 Axes
 - Level 2.4 Armour
 - Level 1.1 Dodging


You had 2 spell levels left.
You didn't know any spells.
Your spell library was empty.

Inventory:

Hand Weapons
 j - a +3 flail of protection
 Y - a +0 hand axe of chaos (weapon)
Armour
 a - a +0 scale mail
 b - a +2 leather armour (worn)
Jewellery
 o - a ring of resist corrosion (left hand)
Potions
 g - a potion of degeneration {unknown}
 k - a potion of heal wounds {unknown}
 l - a potion of curing {unknown}
 n - a potion of berserk rage {unknown}
Miscellaneous
 c - a piece from Xom's chessboard (15/15)

Dungeon Overview and Level Annotations

Branches:
Dungeon (2/15)

Altars:


Message History

Things that are here:
a jackal corpse; a jackal corpse You now have 43 gold pieces (gained 13).
A kobold comes into view. It is wielding a +0 whip.
The kobold shouts!
The kobold throws a stone.
The stone hits you but does no damage.
Enter note:
Found a stone staircase leading down.
The kobold throws a stone.
The stone barely misses you.
You hit the kobold.
You kill the kobold!
Things that are here:
a +0 whip; 2 stones
Found a stone staircase leading up.
Enter note: A gnoll comes into view. It is wielding a +0 halberd.
A gnoll comes into view. It is wielding a +0 club.
The gnoll throws a throwing net.
The throwing net barely misses you.
The gnoll hits you from afar with a +0 halberd!
The gnoll shouts!
You hear a shout!
The gnoll barely misses you. The gnoll hits you with a +0 halberd.
You hit the gnoll. You burn the gnoll.
The gnoll is moderately wounded.
You hit the gnoll.
The gnoll is poisoned.
The gnoll hits you with a +0 club. The gnoll misses you.
You slash the gnoll!
You kill the gnoll!
You hit the gnoll but do no damage. The gnoll closely misses you.
You hit the gnoll.
The gnoll seems to speed up.
The gnoll is moderately wounded.
The gnoll hits you but does no damage.
You hit the gnoll but do no damage.
The gnoll is moderately wounded.
The gnoll hits you with a +0 club. The gnoll hits you with a +0 club!
A gnoll comes into view. It is wielding a +0 halberd.
You barely miss the gnoll.
The gnoll is moderately wounded.
The gnoll hits you with a +0 club.
You die...

.. ..... ...... ## .....
#. ###..... #g###......
.. #g).....###.#
#.@.........#
##............ #
#.......######.#####
#.#......#######......
#...>.......##.....##
#.<......##.........##
#..........##..........
...........(............
.....######..).........#


You could see 2 gnolls.

Vanquished Creatures
  A gnoll (D:2)
  A dart slug (D:1)
  2 bats
  An endoplasm (D:1)
  3 goblins (D:1)
  2 hobgoblins (D:1)
  3 jackals (D:2)
  3 kobolds
  A quokka (D:1)
  3 ball pythons
  A frilled lizard (D:1)
  10 rats (D:1)
31 creatures vanquished.

Notes
Turn   | Place    | Note
-------+----------+-------------------------------------------
     0 | D:1      | qw the Barachi Chaos Knight began the quest for the Orb.
     0 | D:1      | Reached XP level 1. HP: 18/18 MP: 1/1
     0 | D:1      | 0 ||| qw: Version: 0.1-a-108-g9e35731
     0 | D:1      | 0 ||| qw: Game counter: 6482
     0 | D:1      | 0 ||| qw: Always use a shield: true
     0 | D:1      | 0 ||| qw: God list: Okawaru
     0 | D:1      | 0 ||| qw: Allow faded altars: false
     0 | D:1      | 0 ||| qw: Do Orc after D:15 true
     0 | D:1      | 0 ||| qw: Do second Lair branch before Depths: true
     0 | D:1      | 0 ||| qw: Lair rune preference: random
     0 | D:1      | 0 ||| qw: Plans: Normal
     0 | D:1      | 0 ||| PLANNING D:1-11
     0 | D:1      | Fell from the grace of Xom
    28 | D:1      | 28 ||| Stepping ~*~*~tactically~*~*~ (hiding).
   167 | D:1      | Reached XP level 2. HP: 24/24 MP: 2/2
   171 | D:1      | Reached skill level 4 in Axes
   216 | D:1      | 216 ||| DROPPING +0 club.
   228 | D:1      | 228 ||| Stepping ~*~*~tactically~*~*~ (stealth).
   354 | D:1      | 354 ||| Stepping ~*~*~tactically~*~*~ (stealth).
   360 | D:1      | 360 ||| Stepping ~*~*~tactically~*~*~ (stealth).
   362 | D:1      | 362 ||| Stepping ~*~*~tactically~*~*~ (stealth).
   456 | D:1      | XOM: stat loss: -2 Str (11/13)
   573 | D:1      | Reached XP level 3. HP: 29/29 MP: 3/3
   726 | D:1      | XOM: stat loss: -1 Dex (10/11)
   846 | D:1      | 846 ||| DROPPING ring of wizardry.
   847 | D:1      | 847 ||| UPGRADING to ring of resist corrosion.
   848 | D:1      | 848 ||| READING scroll labelled HOEHIB ESEFA.
   849 | D:1      | 849 ||| READING scroll labelled CUAMUFRIOB.
   850 | D:1      | 850 ||| READING scroll labelled KICHOCR LO NOSS.
   851 | D:1      | 851 ||| READING scroll labelled GYPLON DABE.
   852 | D:1      | 852 ||| DRINKING 2 white potions.
   852 | D:1      | Gained mutation: Armour fits poorly on your strangely
                  | shaped body. [potion of mutation]
   852 | D:1      | Gained mutation: You have large cloven feet. [potion of
                  | mutation]
   853 | D:1      | 853 ||| DRINKING potion of mutation.
   853 | D:1      | Lost mutation: Armour fits poorly on your strangely shaped
                  | body. [potion of mutation]
   853 | D:1      | Lost mutation: You have large cloven feet. [potion of
                  | mutation]
   853 | D:1      | Gained mutation: You are somewhat resistant to further
                  | mutation. [potion of mutation]
   853 | D:1      | Gained mutation: You are agile. (Dex +4, Str/Int -1)
                  | [potion of mutation]
   902 | D:2      | 902 ||| Stepping ~*~*~tactically~*~*~ (stealth).
   905 | D:2      | 905 ||| Stepping ~*~*~tactically~*~*~ (stealth).
   917 | D:2      | 917 ||| Stepping ~*~*~tactically~*~*~ (stealth).
   918 | D:2      | 918 ||| Stepping ~*~*~tactically~*~*~ (stealth).
   919 | D:2      | 919 ||| Stepping ~*~*~tactically~*~*~ (stealth).
   920 | D:2      | 920 ||| Stepping ~*~*~tactically~*~*~ (stealth).
   937 | D:2      | 937 ||| Stepping ~*~*~tactically~*~*~ (stealth).
   940 | D:2      | 940 ||| Stepping ~*~*~tactically~*~*~ (stealth).
  1061 | D:2      | HP: 1/29 [gnoll/+0 club (7)]
  1062 | D:2      | Slain by a gnoll

Levels and vault maps discovered:
D:1:      nicolae_arrival_somewhat_less_tricky_arrival, layout_loops_ring,
          minmay_rat_gold_closets
D:2:      layout_rooms, uniq_crazy_yiuf_cottage

Skill      XL: |  1  2 |
---------------+-------+-----
Axes           | 4 |  4.9
Fighting       | |  3.6
Armour         | |  2.4
Dodging        | |  1.1

Action                   || total
-------------------------++-------
Melee: Hand axe          ||    80
       Punch             ||     1
Invok: Renounce Religion ||     1
  Use: Scroll            ||     4
       Potion            ||     2
 Stab: Paralysed         ||     1
Armor: Leather armour    ||    24
Dodge: Dodged            ||    42

Table legend:
 A = Non-vault XP
 B = Vault XP
 C = Vault XP percentage of total XP
 D = Non-vault monster count
 E = Vault monster count
 F = Vault count percentage of total count
                 A         B        C        D         E       F
            +---------+---------+-------+---------+---------+-------
      Total |      53 |       9 |  14.5 |      22 |       9 |  29.0
            +---------+---------+-------+---------+---------+-------
        D:1 |      27 |       9 |  25.0 |      14 |       9 |  39.1
        D:2 |      26 |       0 |   0.0 |       8 |       0 |   0.0
            +---------+---------+-------+---------+---------+-------
